 Dungeon Sprint DCSS version 0.19.1-1-g22dce08 (webtiles) character file.

133 snakesoliden the Summoner (level 5, -2/28 HPs)
             Began as a Tengu Summoner on Dec 28, 2016.
             Slain by a slime creature (15 damage)
             ... in the Dungeon (Sprint I: "Red Sonja").
             The game lasted 00:03:15 (288 turns).

snakesoliden the Summoner (Tengu Summoner)           Turns: 288, Time: 00:03:16

Health: -2/28      AC:  2    Str:  9    XL:     5   Next: 16%
Magic:  0/9        EV: 12    Int: 16    God:
Gold:   162        SH:  0    Dex: 14    Spells: 2 memorised, 5 levels left

rFire  . . .     SeeInvis .     (no weapon)
rCold  . . .     Gourm    .     a - +0 robe
rNeg   . . .     Faith    .     (no shield)
rPois  .         Spirit   .     (helmet restricted)
rElec  .         Reflect  .     (no cloak)
rCorr  .         Harm     .     (no gloves)
MR     .....     NoTele   +     (boots unavailable)
Stlth  ++........               (no amulet)
                                (no ring)
                                (no ring)

@: no status effects
A: beak, talons 3, able to fly 1
a: Fly


You were in the Dungeon.
You were not hungry.

You visited 1 branch You collected 162 gold pieces.

Inventory:

Armour
 a - a +0 robe (worn)
Scrolls
 i - a scroll of blinking
Potions
 d - a potion of curing
 e - a potion of heal wounds
 f - a potion of haste
 g - 2 potions of magic
 h - a potion of berserk rage
Books
 b - a book of Callings

   Spells                             Type                      Level
   a - Summon Small Mammal            Summoning                    1
   b - Call Imp                       Summoning                    2
   c - Call Canine Familiar           Summoning                    3
   d - Summon Guardian Golem          Hexes/Summoning              3
   e - Summon Lightning Spire         Summoning/Air                4
   f - Summon Ice Beast               Ice/Summoning                4
Comestibles
 c - a bread ration


   Skills:
 - Level 2.1 Dodging
 - Level 2.0 Stealth
 - Level 2.0 Spellcasting
 * Level 12.3 Summonings


You had 5 spell levels left.
You knew the following spells:

 Your Spells              Type           Power        Failure   Level  Hunger
a - Summon Small Mammal   Summ           ####         1%          1    #......
b - Call Imp              Summ           #####...     1%          2    ###....


Dungeon Overview and Level Annotations

Branches:
Dungeon (1/1)

Altars:
Makhleb
Xom
Jiyva
Lugonu


Innate Abilities, Weirdness & Mutations

You have a beak for a mouth.
You have claws for feet.
You can fly.


Message History

Press: ? - help, Dir - move target cursor, f/p - slime creature
Aim: a slime creature (heavily wounded) Attack!
The slime creature hits your iron imp! What are your orders? t - Shout!
Orders for allies: a - Attack new target. p - Attack previous target. r - Retreat! s - Stop attacking. g - Guard the area. f - Follow me.
Anything else - Cancel.
Gang up on whom?
Press: ? - help, Dir - move target cursor, f/p - slime creature
Aim: a slime creature (heavily wounded) Attack!
The slime creature hits your iron imp!
Your iron imp dies!
You see here a club.
The slime creature hits you!
Ouch! That really hurt!
The slime creature hits you!
Ouch! That really hurt!
You die...

################ ##
#<.#..)..#.)'..#__#
#.J@..#..'..#..'..+
#).#####'#####+#__#
#..# #..# ## #..#
#### #..# #⌠⌠# ####


You could see a slime creature.

Vanquished Creatures
  Ijyb (D)
1 creature vanquished.

Vanquished Creatures (collateral kills)
  Sigmund (D)
  An ogre (D)
2 creatures vanquished.

Grand Total: 3 creatures vanquished

Notes
Turn   | Place    | Note
-------+----------+-------------------------------------------
     0 | D        | snakesoliden the Tengu Summoner began the quest for the Orb.
     0 | D        | Reached XP level 1. HP: 10/10 MP: 4/4
     6 | D        | Noticed Ijyb
    28 | D        | Killed Ijyb
    28 | D        | Reached skill level 7 in Summonings
    28 | D        | Reached XP level 2. HP: 13/15 MP: 0/6
    66 | D        | Learned a level 2 spell: Call Imp
   148 | D        | Noticed an ogre
   153 | D        | Killed an ogre
   153 | D        | Reached skill level 10 in Summonings
   153 | D        | Reached XP level 3. HP: 19/19 MP: 1/7
   153 | D        | Reached XP level 4. HP: 24/24 MP: 1/8
   233 | D        | Noticed Sigmund
   241 | D        | Killed Sigmund
   241 | D        | Reached skill level 12 in Summonings
   241 | D        | Gained mutation: You can fly. [Tengu growth]
   241 | D        | Reached XP level 5. HP: 28/28 MP: 1/9
   257 | D        | Found a burning altar of Makhleb.
   257 | D        | Found a viscous altar of Jiyva.
   257 | D        | Found a shimmering altar of Xom.
   257 | D        | Found a corrupted altar of Lugonu.
   257 | D        | Noticed a slime creature
   288 | D        | Slain by a slime creature

Skill      XL: |  1  2  3  4 |
---------------+-------------+-----
Summonings     | 7 10 12 | 12.3
Dodging        | |  2.1
Stealth        | |  2.0
Spellcasting   | |  2.0

Action                   |  1- 3 |  4- 6 || total
-------------------------+-------+-------++-------
Melee: Unarmed           |    14 |       ||    14
       Kick              |     3 |       ||     3
       Peck              |     1 |       ||     1
 Cast: Summon Small Mamm |     6 |       ||     6
       Call Imp          |     6 |     7 ||    13
 Stab: Distracted        |     1 |       ||     1
Dodge: Dodged            |     7 |       ||     7
